[Event "*** Titled Tuesday Blitz"]
[Site "Chess.com"]
[Date "2020.10.27"]
[Round "9"]
[White "Sergey85Rodchenkov"]
[Black "Jungle_Jaguar"]
[Result "1-0"]
[WhiteElo "2465"]
[BlackElo "2611"]
[TimeControl "180+1"]
[EndTime "11:42:56 PDT"]
[Termination "Sergey85Rodchenkov won by resignation"]

1. e4 e5 2. Nf3 Nc6 3. Bc4 Nf6 4. d3 Bc5 5. O-O d6 6. c3 a6 7. Bb3 Ba7 8. Nbd2 h6 9. Re1 O-O 10. Nf1 Re8 11. Ng3 Be6 12. Bxe6 Rxe6 13. d4 Re8 14. h3 Qd7 15. Qd3 Rad8 16. Be3 exd4 17. Nxd4 Ne5 18. Qc2 Nc4 19. Bf4 Nh7 20. Rad1 Nf8 21. Ndf5 Ng6 22. Bc1 Re6 23. b3 Nce5 24. c4 Rde8 25. Bb2 Nc6 26.
Nxg7 R6e7 27. Nxe8 Rxe8 28. Nf5 Kh7 29. Qd2 1-0

[Event "*** Titled Tuesday Blitz"]
[Site "Chess.com"]
[Date "2020.10.27"]
[Round "9"]
[White "AndrewMaco"]
[Black "Rakesh"]
[Result "1-0"]
[WhiteElo "2662"]
[BlackElo "2471"]
[TimeControl "180+1"]
[EndTime "11:43:03 PDT"]
[Termination "AndrewMaco won by resignation"]

1. e4 c5 2. Nf3 e6 3. b3 Nc6 4.
Bb2 d5 5. exd5 exd5 6. Bb5 Nf6 7. Qe2+ Be6 8. Ng5 Qd7 9. O-O O-O-O 10. Nxe6 Qxe6 11. Qxe6+ fxe6 12. Re1 Kd7 13. Bf1 Bd6 14. g3 e5 15. Nc3 Nd4 16. Rec1 Rhf8 17. Bg2 e4 18. d3 exd3 19. cxd3 Rde8 20. Rab1 Ng4 21. f4 Ne2+ 22. Nxe2 Rxe2 23. Bf3 Rxb2 24. Bxg4+ 1-0

[Event "*** Titled Tuesday Blitz"]
[Site "Chess.com"]
[Date "2020.10.27"]
[Round "9"]
[White "KarstenHansch"]
[Black "BanjoKazooieN64"]
[Result "1-0"]
[WhiteElo "2480"]
[BlackElo "2350"]
[TimeControl "180+1"]
[EndTime "11:43:12 PDT"]
[Termination "KarstenHansch won by resignation"]

1. e4 e5 2. Nf3 Nc6 3. Bb5 f5 4. d3 fxe4 5. dxe4 Nf6 6. O-O Bc5 7. Bg5 d6 8. Nc3 O-O 9. Nd5 Bg4 10. h3 Bxf3 11. Qxf3 Nd4 12. Qg3 Nxb5 13. Nxf6+ Rxf6 14. Bxf6 Qxf6 15. Qb3+ Qf7 16. Qxb5 Rf8 17. Qb3 Qxb3 18. axb3 Rf4 19. Rae1 g5 20. Re2 h5 21. Kh2 g4 22.
hxg4 hxg4 23. f3 Kg7 24. Kg3 Kg6 25. Rh1 Rf8 26. Rh4 gxf3 27. gxf3 Bb4 28. c3 Bc5 29.
Reh2 Be3 30. Rg4+ Kf6 31. Rh7 c6 32. Rhg7 Ke6 33. R4g6+ Rf6 34. Rxf6+ Kxf6 35. Rxb7 Ke6 36. Rc7 Bc1 37. Rxc6 Bxb2 38. c4 Bd4 39. Kg4 Bb6 40. Kg5 Kd7 41. Rxb6 axb6 42. Kf6 Kc6 43. b4 b5 44.
cxb5+ Kxb5 45. Ke6 1-0

[Event "*** Titled Tuesday Blitz"]
[Site "Chess.com"]
[Date "2020.10.27"]
[Round "9"]
[White "Meri-Arabidze"]
[Black "Grandmaster2B"]
[Result "1-0"]
[WhiteElo "2678"]
[BlackElo "2493"]
[TimeControl "180+1"]
[EndTime "11:43:23 PDT"]
[Termination "Meri-Arabidze won by resignation"]

1. d4 Nf6 2. c4 e6 3. Nc3 Bb4 4. Nf3 b6 5. e3 O-O 6. Bd3 Bb7 7.
O-O c5 8. Na4 cxd4 9. exd4 Be7 10.
a3 Qc7 11. b4 d6 12. Re1 Nbd7 13. Bf4 Qc6 14. Nc3 Rfd8 15. Qe2 Bf8 16. Rac1 e5 17. d5 Qc8 18. Bg5 h6 19. Bh4 Re8 20.
Bf5 Be7 21. Bxf6 Bxf6 22. Ne4 Be7 23. c5 dxc5 24. Nxe5 Rd8 25. Nxd7 Rxd7 26. Qg4 Rxd5 27. Bxc8 Bxc8 28. Qf3 Be6 29. bxc5 bxc5 30. Nxc5 1-0

[Event "*** Titled Tuesday Blitz"]
[Site "Chess.com"]
[Date "2020.10.27"]
[Round "9"]
[White "garfio2017"]
[Black "TheSodabread"]
[Result "1-0"]
[WhiteElo "2236"]
[BlackElo "1912"]
[TimeControl "180+1"]
[EndTime "11:43:23 PDT"]
[Termination "garfio2017 won on time"]

1. e4 e5 2. Nf3 Nf6 3. Nc3 Bc5 4.
Bc4 h5 5. d3 d6 6. Bg5 c6 7.
Qd2 a5 8. a4 Be6 9. Bxe6 fxe6 10. d4 exd4 11. Nxd4 Qd7 12. O-O-O e5 13. Nde2 Na6 14.
f4 exf4 15. Nxf4 O-O-O 16. Kb1 Nb4 17. Nd3 1-0

[Event "*** Titled Tuesday Blitz"]
[Site "Chess.com"]
[Date "2020.10.27"]
[Round "9"]
[White "sara_khm"]
[Black "Inga83"]
[Result "1-0"]
[WhiteElo "2580"]
[BlackElo "2405"]
[TimeControl "180+1"]
[EndTime "11:43:27 PDT"]
[Termination "sara_khm won by resignation"]

1. d4 Nf6 2. Nf3 d5 3. c4 e6 4.
Nc3 Bb4 5. Bg5 h6 6. Bxf6 Qxf6 7. Qb3 Qe7 8. cxd5 exd5 9. Qxd5 O-O 10. e3 c6 11. Qb3 Be6 12. Qc2 Nd7 13. Be2 Nf6 14. O-O Rac8 15. a3 Ba5 16. b4 Bc7 17. Na4 Bd5 18.
Nc5 b6 19. Nd3 Ng4 20. h3 Nf6 21. Nde5 Bb8 22. Ba6 Rcd8 23. Bd3 Rc8 24. e4 Be6 25. Nxc6 Qd6 26. b5 Nh5 27. d5 Bd7 28. e5 Qc7 29. Ne7+ Kh8 30. Nxc8 Qxc2 31. Bxc2 Rxc8 32. Rac1 Bxb5 33. Bd3 Rxc1 34. Rxc1 Bxd3 35. Rc8+ Kh7 36. Rxb8 Nf4 37. d6 Bf5 38. Nd4 Bd7 39. Rb7 1-0

[Event "*** Titled Tuesday Blitz"]
[Site "Chess.com"]
[Date "2020.10.27"]
[Round "9"]
[White "Lagmantr"]
[Black "korbul"]
[Result "0-1"]
[WhiteElo "2731"]
[BlackElo "2610"]
[TimeControl "180+1"]
[EndTime "11:43:30 PDT"]
[Termination "korbul won by checkmate"]

1. e3 d5 2. c4 e6 3. b3 Nf6 4. Bb2 b6 5. Nf3 Bb7 6. cxd5 exd5 7. Be2 Bd6 8. O-O Nbd7 9. d3 O-O 10. Nbd2 a6 11.
Rc1 Re8 12. h3 Qe7 13. Re1 Rac8 14. Bf1 Ba3 15. Qc2 Bxb2 16. Qxb2 c5 17. e4 dxe4 18. dxe4 b5 19. e5 Nd5 20. Ne4 Nf4 21. Nd6 Bxf3 22. gxf3 Rc6 23. Nxe8 Rg6+ 24. Bg2 Rxg2+ 25. Kh1 Qh4 26.
Nf6+ Nxf6 27. exf6 Qxh3# 0-1

[Event "*** Titled Tuesday Blitz"]
[Site "Chess.com"]
[Date "2020.10.27"]
[Round "9"]
[White "Mikhail_Golubev"]
[Black "swimmerchess"]
[Result "1-0"]
[WhiteElo "2533"]
[BlackElo "2779"]
[TimeControl "180+1"]
[EndTime "11:43:36 PDT"]
[Termination "Mikhail_Golubev won by resignation"]

1. e4 c5 2. Nf3 Nc6 3. Nc3 Nf6 4.
Bb5 Nd4 5. e5 Nxb5 6. Nxb5 Nd5 7. Ng5 f6 8. exf6 Nxf6 9. O-O a6 10. Nc3 g6 11. d4 cxd4 12. Qxd4 Bg7 13. Bf4 O-O 14.
Rad1 Kh8 15. Ne6 Qa5 16. Nxf8 Bxf8 17. Nd5 Bg7 18. Nxe7 Qxa2 19. b3 Qa3 20. Bd6 Qa5 21.
Be5 Ne8 22. Bxg7+ Nxg7 23. Qf6 1-0

[Event "*** Titled Tuesday Blitz"]
[Site "Chess.com"]
[Date "2020.10.27"]
[Round "9"]
[White "IngOscarArdila"]
[Black "Sueetin"]
[Result "0-1"]
[WhiteElo "2154"]
[BlackElo "2313"]
[TimeControl "180+1"]
[EndTime "11:43:37 PDT"]
[Termination "Sueetin won by resignation"]

1. d4 Nf6 2. c4 e6 3. Nc3 Bb4 4. Bd2 b6 5. Nf3 O-O 6. e3 Bb7 7. Be2 d6 8. O-O Nbd7 9. Rc1 c5 10. dxc5 bxc5 11. Qc2 Bxc3 12. Bxc3 Be4 13. Bd3 Bxf3 14. gxf3 Qb6 15. Kh1 d5 16. cxd5 exd5 17. Rg1 d4 18. Bd2 Ne5 19. Be4 Nxe4 20. fxe4 Qf6 21. f4 Nf3 22. Rg3 Nxd2 23. Qxd2 dxe3 24. Qxe3 Qxb2 25. Rcg1 g6 26. f5 Qd4 27. Qh6 Qxe4+ 28. R3g2 Qxf5 29. h4 Rad8 30. h5 Rd3 31. hxg6 Rh3+ 32. Rh2 Qf3+ 0-1

[Event "*** Titled Tuesday Blitz"]
[Site "Chess.com"]
[Date "2020.10.27"]
[Round "9"]
[White "Semen_Khanin"]
[Black "Iskusnyh"]
[Result "1-0"]
[WhiteElo "2777"]
[BlackElo "2575"]
[TimeControl "180+1"]
[EndTime "11:43:40 PDT"]
[Termination "Semen_Khanin won by resignation"]

1. e4 e6 2. d4 d5 3. e5 c5 4.
c3 Nc6 5. Nf3 Qb6 6. Na3 cxd4 7.
cxd4 Bb4+ 8. Bd2 Bd7 9. Nc2 Bxd2+ 10. Qxd2 Qxb2 11. Bd3 Qb6 12. O-O Nge7 13. Rab1 Qc7 14. h4 Na5 15. Ne3 Nc4 16. Bxc4 dxc4 17. d5 exd5 18. Nxd5 Nxd5 19. Qxd5 O-O 20. Rxb7 Bc6 21. Rxc7 Bxd5 22. Rd1 Bxf3 23. gxf3 Rfc8 24. Rdd7 c3 25. Rxf7 c2 26. Rxg7+ Kf8 27. Rcf7+ Ke8 28. e6 c1=Q+ 29. Kg2 1-0

[Event "*** Titled Tuesday Blitz"]
[Site "Chess.com"]
[Date "2020.10.27"]
[Round "9"]
[White "TregubovP"]
[Black "DinaBelenkaya"]
[Result "1-0"]
[WhiteElo "2534"]
[BlackElo "2367"]
[TimeControl "180+1"]
[EndTime "11:43:48 PDT"]
[Termination "TregubovP won by resignation"]

1. e4 d5 2. exd5 Qxd5 3. d4 Nf6 4. Nc3 Qa5 5. Bc4 c6 6. Nf3 Bf5 7. Bd2 Qb6 8. Na4 Qc7 9. Nc5 e6 10. O-O b5 11. Bd3 Bxc5 12. Bxf5 exf5 13. dxc5 O-O 14. Qc1 Ne4 15. Bf4 Qe7 16. b4 Nd7 17. c4 bxc4 18.
Qxc4 g5 19. Bd6 Nxd6 20. cxd6 Qxd6 21. Rad1 Qc7 22. Nxg5 Ne5 23. Qh4 f6 24. Ne6 Qf7 25. Nxf8 Rxf8 26. f4 Ng4 27. h3 Ne3 28. Qg3+ 1-0

[Event "*** Titled Tuesday Blitz"]
[Site "Chess.com"]
[Date "2020.10.27"]
[Round "9"]
[White "CraiggoryC"]
[Black "FMOlexandrProhorov"]
[Result "0-1"]
[WhiteElo "2219"]
[BlackElo "2119"]
[TimeControl "180+1"]
[EndTime "11:43:48 PDT"]
[Termination "FMOlexandrProhorov won on time"]

1. e4 c5 2. Nf3 e6 3. d4 cxd4 4. Nxd4 Qb6 5. Nb3 Nf6 6. Bd3 d5 7. Nc3 Bb4 8. Be3 Qc7 9. O-O Bxc3 10. bxc3 dxe4 11. Bb5+ Bd7 12. Nd4 O-O 13. Bg5 Qe5 14.
f4 exf3 15. Bxf6 Qxf6 16. Rxf3 Qe7 17. Qe2 Bxb5 18. Qxb5 a6 19. Qh5 Nd7 20. Re1 Qc5 21.
Qh3 Rad8 22. Rg3 e5 23. Qh6 g6 24. Rg5 Qb6 25. Rgxe5 Nxe5 0-1

[Event "*** Titled Tuesday Blitz"]
[Site "Chess.com"]
[Date "2020.10.27"]
[Round "9"]
[White "Chessdreamer2020"]
[Black "Dream2World_Number1"]
[Result "1-0"]
[WhiteElo "2469"]
[BlackElo "2131"]
[TimeControl "180+1"]
[EndTime "11:43:54 PDT"]
[Termination "Chessdreamer2020 won by resignation"]

1. e4 e5 2. Nf3 Nc6 3. Bb5 a6 4. Bxc6 dxc6 5. O-O f6 6. d4 Bg4 7. dxe5 Qxd1 8. Rxd1 fxe5 9. Rd3 Bd6 10. Nbd2 Nf6 11.
Nc4 Bxf3 12. gxf3 O-O-O 13. Bg5 Rhf8 14. Rad1 h6 15. Bxf6 Rxf6 16. Nxe5 Rdf8 17. Nc4 Bf4 18. Kg2 Rg6+ 19. Kh1 Rg5 20. Rg1 Rh5 21. Rg2 g5 22. Ne3 Rh3 23. Nf5 Rf7 24. Kg1 h5 25. c4 b5 26. b3 g4 27. cxb5 axb5 28. Nd4 Kb7 29. Ne6 gxf3 30. Nd8+ Kb6 31. Nxf7 fxg2 32. Rxh3 1-0

[Event "*** Titled Tuesday Blitz"]
[Site "Chess.com"]
[Date "2020.10.27"]
[Round "9"]
[White "SergeyShtyka"]
[Black "TotsukaBlade"]
[Result "1-0"]
[WhiteElo "2353"]
[BlackElo "2421"]
[TimeControl "180+1"]
[EndTime "11:43:58 PDT"]
[Termination "SergeyShtyka won by resignation"]

1. e4 e5 2. Nf3 Nc6 3. Nc3 Nf6 4.
Bb5 Bd6 5. O-O O-O 6. d3 h6 7.
h3 Ne7 8. a3 c6 9. Bc4 Bc7 10.
Ba2 d5 11. exd5 cxd5 12. Re1 Ng6 13. d4 e4 14. Ne5 Ne7 15. Bf4 a6 16. Ne2 Be6 17. Bh2 Rc8 18. c3 Bd6 19. Qd2 Nc6 20. Nxc6 Rxc6 21. Bxd6 Qxd6 22. Qf4 Qd7 23. Ng3 Nh7 24. Nh5 Bxh3 25. gxh3 Ng5 26. Re3 Nxh3+ 27. Rxh3 Qxh3 28. Bxd5 Rf6 29. Nxf6+ 1-0

[Event "*** Titled Tuesday Blitz"]
[Site "Chess.com"]
[Date "2020.10.27"]
[Round "9"]
[White "picturesquecheck"]
[Black "Trickov"]
[Result "1-0"]
[WhiteElo "2110"]
[BlackElo "2334"]
[TimeControl "180+1"]
[EndTime "11:44:02 PDT"]
[Termination "picturesquecheck won by resignation"]

1. e4 c5 2. Nf3 d6 3. d4 Nf6 4. Nc3 cxd4 5. Nxd4 a6 6. Be3 e5 7. Nb3 Be6 8. f3 Nbd7 9. Qd2 Rc8 10. O-O-O b5 11. g4 Nb6 12. g5 Nfd7 13. Kb1 Nc4 14.
Bxc4 bxc4 15. Nc1 Be7 16. h4 Qa5 17. Nd5 Bd8 18. Qxa5 Bxa5 19. c3 Rb8 20. Ka1 Nc5 21. Bxc5 dxc5 22. f4 exf4 23. Nxf4 Ke7 24. Nxe6 fxe6 25.
Ne2 Rhd8 26. Kb1 Rd3 27. Kc2 Rbd8 28. Nf4 Rxd1 29. Rxd1 Rf8 30. Nh5 Bc7 31. Nxg7 Rf4 32. Nh5 Rxe4 33. Nf6 Rxh4 34. Rd7+ Kf8 35. Rxc7 Rh2+ 36.
Kc1 Rh1+ 37. Kd2 Rh2+ 38. Ke3 Rxb2 39. Nxh7+ Ke8 40. g6 Rg2 41. g7 Kd8 42. Ra7 1-0

[Event "*** Titled Tuesday Blitz"]
[Site "Chess.com"]
[Date "2020.10.27"]
[Round "9"]
[White "AnishOnYoutube"]
[Black "Anton_Demchenko"]
[Result "0-1"]
[WhiteElo "2956"]
[BlackElo "2863"]
[TimeControl "180+1"]
[EndTime "11:44:03 PDT"]
[Termination "Anton_Demchenko won by resignation"]

1. e4 g6 2. d4 d6 3. Nf3 Nf6 4. Nc3 Bg7 5. Be3 a6 6. Qd2 Nc6 7. d5 Na7 8. Bh6 O-O 9. Bxg7 Kxg7 10. O-O-O Nb5 11. Bd3 c6 12. dxc6 bxc6 13. e5 dxe5 14. Nxe5 Qc7 15. Rhe1 Rd8 16. Kb1 Be6 17. Na4 c5 18. c4 Nd4 19. Ka1 Rab8 20. Qc3 Rb4 21. b3 Qa5 22. Rc1 Rdb8 23. Bb1 Bf5 24. Re3 Bxb1 25.
Rxb1 Qxa4 0-1

[Event "*** Titled Tuesday Blitz"]
[Site "Chess.com"]
[Date "2020.10.27"]
[Round "9"]
[White "vova-79"]
[Black "niki_2003"]
[Result "1-0"]
[WhiteElo "2491"]
[BlackElo "1902"]
[TimeControl "180+1"]
[EndTime "11:44:03 PDT"]
[Termination "vova-79 won by resignation"]

1. d4 Nf6 2. c4 e6 3. Nc3 Bb4 4. e3 c5 5. Ne2 Nc6 6. a3 Qa5 7. dxc5 Bxc5 8. g3 a6 9. Bg2 O-O 10. O-O Qc7 11. b4 Be7 12. Bb2 Rb8 13. Rc1 b5 14.
Nd5 exd5 15. cxd5 Bb7 16. dxc6 dxc6 17. Nd4 c5 18. bxc5 Bxg2 19. Kxg2 Bxc5 20. Qf3 Qa7 21.
Nc6 Qb6 22. Nxb8 Rxb8 23. Rc2 Be7 24. Rfc1 h6 25. Qc6 Qxc6+ 26. Rxc6 a5 27. Rc8+ Rxc8 28. Rxc8+ Kh7 29. Rb8 b4 30. axb4 axb4 31. Bxf6 gxf6 32. Rb7 Bc5 33. Rxf7+ Kg6 34. Rb7 Kf5 35. Rb5 Ke4 36. Rxc5 Kd3 37. Rf5 b3 38. Rxf6 b2 39. Rb6 Kc2 40.
e4 b1=Q 41. Rxb1 1-0

[Event "*** Titled Tuesday Blitz"]
[Site "Chess.com"]
[Date "2020.10.27"]
[Round "9"]
[White "Nils_03"]
[Black "Rital44"]
[Result "1-0"]
[WhiteElo "2265"]
[BlackElo "2453"]
[TimeControl "180+1"]
[EndTime "11:44:04 PDT"]
[Termination "Nils_03 won by resignation"]

1. Nf3 Nf6 2. g3 g6 3. Bg2 Bg7 4. O-O d6 5. d4 O-O 6. c4 c6 7. Nc3 Qa5 8. e4 Qh5 9. Bf4 Bh3 10. e5 Ng4 11. exd6 exd6 12. Bxd6 Rd8 13. c5 Nd7 14. Ne4 Ndf6 15. Neg5 Bxg2 16. Kxg2 h6 17. Nh3 Qd5 18. Nf4 Qe4 19. h3 h5 20. Re1 Qf5 21. hxg4 hxg4 22. Ne5 Ne4 23. Qxg4 Nxd6 24. cxd6 Qc2 25. Nfxg6 Rxd6 26.
Ne7+ Kf8 27. Nf5 Bxe5 28. dxe5 Rg6 29. Qb4+ c5 30. Qxb7 Re8 31. Nd6 Re7 32. Qc8+ Kg7 33. Rh1 Rxg3+ 34. Kxg3 Qg6+ 35. Kf3 Qd3+ 36. Kg2 Qd5+ 37.
Kg1 1-0

[Event "*** Titled Tuesday Blitz"]
[Site "Chess.com"]
[Date "2020.10.27"]
[Round "9"]
[White "Sankalp_Gupta2003"]
[Black "Natalya_Buksa"]
[Result "1-0"]
[WhiteElo "2713"]
[BlackElo "2545"]
[TimeControl "180+1"]
[EndTime "11:44:11 PDT"]
[Termination "Sankalp_Gupta2003 won by resignation"]

1. e4 c5 2. Nf3 Nc6 3. Nc3 e5 4. Bc4 d6 5. d3 Be7 6. O-O Nf6 7. Ng5 O-O 8. f4 Bg4 9. Qe1 Nd4 10. Qf2 h6 11. Nf3 Nxf3+ 12. gxf3 Bh3 13. Re1 exf4 14. Bxf4 Nh5 15. Bg3 Bf6 16. Kh1 Bd4 17. Qe2 Qg5 18.
Rg1 Bxg1 19. Rxg1 Nf4 20. Qe3 Bg2+ 21. Rxg2 Nxg2 22. Qxg5 hxg5 23. Kxg2 Rfd8 24. Nb5 a6 25. Nxd6 Rd7 26. Bd5 Rad8 27. Nxb7 Rc8 28. Na5 Kf8 29. b3 f5 30. Be6 Rcd8 31. Bxd7 Rxd7 32. exf5 Kf7 33. Kh3 Kf6 34. Kg4 Rd4+ 35. f4 gxf4 36. Bxf4 Rd5 37. Bg5+ Ke5 38. Nc4+ Kd4 39. h4 Kc3 40. h5 Rd8 41. Bxd8 1-0

[Event "*** Titled Tuesday Blitz"]
[Site "Chess.com"]
[Date "2020.10.27"]
[Round "9"]
[White "SilviusTiberius"]
[Black "WildTricks"]
[Result "0-1"]
[WhiteElo "2513"]
[BlackElo "2411"]
[TimeControl "180+1"]
[EndTime "11:44:11 PDT"]
[Termination "WildTricks won by resignation"]

1. e4 c5 2. Nf3 d6 3. d4 cxd4 4. Nxd4 Nf6 5. Nc3 a6 6. Be3 e5 7. Nb3 Be6 8. Qd2 Nbd7 9. f3 h5 10. Nd5 Bxd5 11. exd5 g6 12. Na5 Qc7 13. c4 Bg7 14.
Rc1 e4 15. Be2 exf3 16. Bxf3 O-O 17. O-O Rfe8 18. b4 Ne4 19. Bxe4 Rxe4 20. Bf2 Rae8 21.
Rc2 Ne5 22. c5 Ng4 23. Bg3 Ne3 24. Bxd6 Qd7 25. Rcc1 Nxf1 26. Rxf1 Bd4+ 27. Kh1 Qf5 28. Rd1 Qxd5 0-1

[Event "*** Titled Tuesday Blitz"]
[Site "Chess.com"]
[Date "2020.10.27"]
[Round "9"]
[White "Klavdia_Nik"]
[Black "CMFernandez"]
[Result "1-0"]
[WhiteElo "2066"]
[BlackElo "2068"]
[TimeControl "180+1"]
[EndTime "11:44:11 PDT"]
[Termination "Klavdia_Nik won by resignation"]

1. Nf3 d5 2. c4 e6 3. b3 Nf6 4. Bb2 Be7 5. g3 O-O 6. Bg2 c5 7. O-O d4 8. b4 Qc7 9. bxc5 e5 10.
d3 Nc6 11. Nbd2 Bxc5 12. Qc1 Re8 13. Ng5 Bg4 14. Re1 Bb4 15. h3 Bf5 16. Ba3 Bc3 17.
Rb1 h6 18. Nge4 Bxe4 19. Nxe4 Nxe4 20. Bxe4 Bxe1 21. Qxe1 Qa5 22. Qc1 Rab8 23. Bd6 Rbd8 24. c5 Nb4 25. Qc4 Nxa2 26. Rxb7 Nc3 27. Qxf7+ 1-0

[Event "*** Titled Tuesday Blitz"]
[Site "Chess.com"]
[Date "2020.10.27"]
[Round "9"]
[White "albi1999"]
[Black "mjray79"]
[Result "0-1"]
[WhiteElo "2594"]
[BlackElo "2462"]
[TimeControl "180+1"]
[EndTime "11:44:12 PDT"]
[Termination "mjray79 won by resignation"]

1. d4 Nf6 2. c4 g6 3. g3 Bg7 4.
Bg2 d6 5. Nc3 O-O 6. Nf3 Nc6 7.
O-O a6 8. b3 e5 9. Bb2 Bf5 10. Re1 Re8 11. e4 Bg4 12. d5 Nd4 13. Qd3 Nd7 14. b4 f5 15. Nd2 Rf8 16. f3 fxe4 17.
Ncxe4 Bf5 18. Rac1 g5 19. c5 g4 20. f4 Nf6 21.
cxd6 cxd6 22. fxe5 dxe5 23. Bxd4 exd4 24. Nxf6+ Qxf6 25. Be4 Bd7 26. Rf1 Qh6 27. Rxf8+ Rxf8 28. Rf1 Rxf1+ 29. Qxf1 Qxd2 0-1

[Event "*** Titled Tuesday Blitz"]
[Site "Chess.com"]
[Date "2020.10.27"]
[Round "9"]
[White "Ariadna_Atreides"]
[Black "Kaslask"]
[Result "0-1"]
[WhiteElo "2138"]
[BlackElo "2354"]
[TimeControl "180+1"]
[EndTime "11:44:12 PDT"]
[Termination "Kaslask won by resignation"]

1. d4 Nf6 2. Nf3 g6 3. c4 Bg7 4. Nc3 d5 5. cxd5 Nxd5 6. Bd2 O-O 7. e4 Nxc3 8. Bxc3 c5 9. d5 Qd6 10. Bxg7 Kxg7 11. Bc4 Nd7 12. O-O Kg8 13. Re1 Ne5 14. Nxe5 Qxe5 15. Qc2 b5 16. Bxb5 Rb8 17. Qxc5 a6 18. Bf1 Rxb2 19. Qa3 Bd7 20. Qxa6 Qd4 21. Be2 Bb5 22. Qa3 Bxe2 23. Qxe7 Rc8 24. Qh4 Rcc2 25. a4 Bd3 26. e5 Qxh4 0-1

[Event "*** Titled Tuesday Blitz"]
[Site "Chess.com"]
[Date "2020.10.27"]
[Round "9"]
[White "enriquetejedor"]
[Black "Colombiano07"]
[Result "0-1"]
[WhiteElo "2468"]
[BlackElo "2322"]
[TimeControl "180+1"]
[EndTime "11:44:13 PDT"]
[Termination "Colombiano07 won by resignation"]

1. e4 e6 2. d4 d5 3. Nc3 Nf6 4.
e5 Nfd7 5. f4 c5 6. Nf3 Nc6 7. Be3 h6 8. Qd2 g5 9. fxg5 cxd4 10.
Nxd4 Ndxe5 11. Nxc6 bxc6 12. gxh6 Bxh6 13. Bxh6 Qh4+ 14. g3 Qxh6 15. Qxh6 Rxh6 16. Be2 Ke7 17. O-O c5 18. Rae1 Bb7 19. Rf4 d4 20. Na4 Rc8 21. Ba6 Bxa6 22. Rxe5 Kd6 23. Rg5 Bb5 24. b3 Bxa4 25.
bxa4 f5 26. c3 Rh7 27. cxd4 c4 28. Rf2 c3 29. Rc2 Rb7 30. Kf1 Rb2 31. Rc1 Rxh2 32.
Kg1 Rxa2 33. Rg7 Rxa4 34. Kf2 Rxd4 35. Rxa7 c2 36. Ke3 Rd1 37. Rxd1+ cxd1=Q 38. Ra6+ Ke7 39. Ra1 Qxa1 0-1

[Event "*** Titled Tuesday Blitz"]
[Site "Chess.com"]
[Date "2020.10.27"]
[Round "9"]
[White "alexwinter25"]
[Black "Shuvalov"]
[Result "0-1"]
[WhiteElo "2319"]
[BlackElo "2496"]
[TimeControl "180+1"]
[EndTime "11:44:17 PDT"]
[Termination "Shuvalov won by resignation"]

1. e4 e6 2. d4 d5 3. exd5 exd5 4. c4 Nf6 5. Nc3 Be7 6. Bd3 dxc4 7. Bxc4 O-O 8. Nge2 Nbd7 9. O-O Nb6 10. Bb3 c6 11.
Bf4 Nbd5 12. Bg3 Be6 13. Re1 Re8 14. Nf4 Nxf4 15. Bxf4 Nd5 16. Bg3 Bb4 17. Qf3 Qa5 18. Re5 Bxc3 19. bxc3 Qxc3 20. Qxc3 Nxc3 21. Rae1 Nd5 22.
Bxd5 cxd5 23. Rb1 b6 24. Rc1 Rec8 25. Ree1 Rc4 26. Be5 Rac8 27. Rxc4 dxc4 28. Rc1 Bd5 29. f3 c3 30. a3 Rc6 31. Kf2 b5 32. Ke3 a5 33.
Kd3 b4 34. axb4 axb4 35. Bf4 b3 36. Rxc3 b2 37. Rxc6 b1=Q+ 0-1

[Event "*** Titled Tuesday Blitz"]
[Site "Chess.com"]
[Date "2020.10.27"]
[Round "9"]
[White "LastHeroJr"]
[Black "jacky72"]
[Result "0-1"]
[WhiteElo "2388"]
[BlackElo "2519"]
[TimeControl "180+1"]
[EndTime "11:44:18 PDT"]
[Termination "jacky72 won on time"]

1. e4 g6 2. d4 Bg7 3. Nc3 d6 4. Be3 a6 5. a4 b6 6. Qd2 Bb7 7. h4 h5 8. Nh3 Nf6 9. f3 c5 10. Ng5 Nc6 11. d5 Ne5 12. Be2 Bc8 13. O-O O-O 14.
Nd1 Bd7 15. Nf2 b5 16. axb5 axb5 17. Rxa8 Qxa8 18. b3 b4 19. f4 Neg4 20. Nxg4 Nxg4 21. Bxg4 Bxg4 22. f5 Qa6 23. fxg6 fxg6 24. Rxf8+ Bxf8 25. Qf2 Qa1+ 26. Kh2 Qe5+ 27. Bf4 Qf6 28. Qg3 Bd1 29. Ne6 Bxc2 30. e5 dxe5 31. Bxe5 Qf5 32. Nxc5 Be4 33. Nxe4 Qxe4 34. Ba1 Kh7 35. Qg5 Bh6 36. Qe5 Bf4+ 0-1

[Event "*** Titled Tuesday Blitz"]
[Site "Chess.com"]
[Date "2020.10.27"]
[Round "9"]
[White "Volodar_Murzin"]
[Black "A-Fier"]
[Result "0-1"]
[WhiteElo "2613"]
[BlackElo "2765"]
[TimeControl "180+1"]
[EndTime "11:44:19 PDT"]
[Termination "A-Fier won on time"]

1. e4 c5 2. Nf3 Nf6 3. e5 Nd5 4. c4 Nc7 5. d4 cxd4 6. Qxd4 Nc6 7. Qe4 g6 8. Nc3 Bg7 9. Be3 Ne6 10. O-O-O Qa5 11. Rd5 Qc7 12. Be2 a6 13. Rhd1 b5 14.
cxb5 axb5 15. Bxb5 O-O 16. Kb1 Rb8 17. Ka1 d6 18.
Qc4 Nxe5 19. Nxe5 Bxe5 20. Rxe5 dxe5 21. Nd5 Qb7 22. a4 Kg7 23. f4 Bd7 24. Nb6 Bxb5 25. Qxb5 exf4 26. Bg1 Qe4 27. a5 Rfd8 28. Rc1 Nd4 29.
Qc4 Rxb6 0-1

[Event "*** Titled Tuesday Blitz"]
[Site "Chess.com"]
[Date "2020.10.27"]
[Round "9"]
[White "Gloomy_Wanderer"]
[Black "MatyChess1"]
[Result "0-1"]
[WhiteElo "2699"]
[BlackElo "2561"]
[TimeControl "180+1"]
[EndTime "11:44:26 PDT"]
[Termination "MatyChess1 won by resignation"]

1. d4 Nf6 2. Nf3 d5 3. c4 e6 4. g3 Bb4+ 5. Nc3 dxc4 6. Bg2 b5 7. O-O a6 8. Ne5 Nd5 9. Bd2 Be7 10. a4 f6 11. e4 Nxc3 12. Qh5+ g6 13. Nxg6 Ne2+ 14. Kh1 hxg6 15. Qxh8+ Kd7 16. Qg7 Qf8 17. Qxg6 Bb7 18. Be3 Nc6 19. Rfd1 c3 20. Qg4 cxb2 21.
Rab1 Nc3 22. d5 Ne5 23. Qxe6+ Ke8 24. f4 Bc8 0-1

[Event "*** Titled Tuesday Blitz"]
[Site "Chess.com"]
[Date "2020.10.27"]
[Round "9"]
[White "olksuna"]
[Black "redbaron8888"]
[Result "1-0"]
[WhiteElo "2620"]
[BlackElo "2505"]
[TimeControl "180+1"]
[EndTime "11:44:26 PDT"]
[Termination "olksuna won by resignation"]

1. e4 c5 2. Nf3 e6 3. c3 Nf6 4. e5 Nd5 5. a3 Nc6 6. d4 cxd4 7.
cxd4 d6 8. Bd3 Be7 9. O-O O-O 10.
Qe2 Re8 11. Qe4 g6 12. Nbd2 b6 13. Qg4 Bb7 14. Ne4 dxe5 15. dxe5 Qc7 16. Qg3 Rad8 17.
Bg5 Bxg5 18. Qxg5 Qe7 19. Qh6 Qf8 20. Qh4 Qe7 21. Neg5 h5 22. Rad1 Qc7 23. Rfe1 Re7 24. Bb1 Red7 25. Bxg6 fxg6 26. Nxe6 Qc8 27. Qg5 Nde7 28.
Qh6 Kf7 29. Nfg5+ 1-0

[Event "*** Titled Tuesday Blitz"]
[Site "Chess.com"]
[Date "2020.10.27"]
[Round "9"]
[White "MashaFromRussia"]
[Black "politeplayer"]
[Result "0-1"]
[WhiteElo "2365"]
[BlackElo "2233"]
[TimeControl "180+1"]
[EndTime "11:44:28 PDT"]
[Termination "politeplayer won by resignation"]

1. d4 g6 2. c4 Bg7 3. Nf3 Nf6 4.
g3 c5 5. d5 d6 6. Bg2 O-O 7.
O-O e6 8. Nc3 exd5 9. cxd5 Re8 10.
Nd2 a6 11. a4 Nbd7 12. h3 Rb8 13. a5 b5 14. axb6 Nxb6 15. e4 Nfd7 16. Re1 c4 17. Qe2 Ne5 18. Rf1 Nd3 19. Nxc4 Nxc4 20. Qxd3 Nxb2 21.
Bxb2 Rxb2 22. Rfc1 Qb6 23. Qf3 Rxf2 24. Na4 Qa7 25.
Qxf2 Bd4 26. Ra2 Bxf2+ 27. Rxf2 Qe3 28. Rf1 Bd7 29. Nb2 Bb5 30. Nd1 Qxg3 31. Rf3 Qg5 32. Re1 Qd2 33. Rfe3 Qd4 34. Kh1 Rc8 35. Nf2 Rc1 36.
Ng4 Qxe3 0-1